 Dungeon Crawl Stone Soup version 0.22-a0-877-g5c4e1afb51 (webtiles) character file.

77202 Htamos the Scorcher (level 15, -2/132 HPs)
             Began as a Hill Orc Fire Elementalist on July 29, 2018.
             Was a High Priest of Beogh.
             Killed from afar by a shock serpent (8 damage)
             ... with a bolt of electricity
             ... on level 4 of the Lair of Beasts.
             The game lasted 01:56:46 (43797 turns).

Htamos the Scorcher (Hill Orc Fire Elementalist)   Turns: 43797, Time: 01:56:47

Health: -2/132     AC: 23    Str: 19    XL:     15   Next: 56%
Magic:  18/21      EV:  7    Int: 19    God:    Beogh [*****.]
Gold:   2873       SH:  0    Dex: 14    Spells: 4/22 levels left

rFire    . . .     SeeInvis .   Y - +7 broad axe of Upheaval {drain, rPois}
rCold    . . .     Gourm    .   (no shield)
rNeg     . . .     Faith    +   B - +1 plate armour {MR+}
rPois    +         Spirit   .   R - +1 helmet of Baldness {Str+5}
rElec    .         Reflect  .   S - +0 cloak
rCorr    .         Harm     .   o - +0 pair of gloves {Dex+3}
MR       ++...                  G - +0 pair of boots
Stlth    ..........             n - amulet of faith
HPRegen  0.32/turn              l - ring of wizardry
MPRegen  0.17/turn              E - ring of wizardry

@: very slightly contaminated
A: walk on water
a: Smiting, Recall Orcish Followers, Give Item to Named Follower, Renounce
Religion


You were on level 4 of the Lair of Beasts.
You worshipped Beogh.
Beogh was extremely pleased with you.
You were not hungry.

You visited 4 branches of the dungeon, and saw 23 of its levels.
You also visited: Trove, Sewer and Ossuary.

You collected 2873 gold pieces.

Inventory:

Hand Weapons
 i - a +3 broad axe
 q - a +3 trident of venom
 r - a +1 war axe of electrocution
 s - a +2 antimagic long sword
 w - a +3 fustibalus of velocity
 L - a +4 battleaxe of electrocution
 Y - the +7 broad axe of Upheaval (weapon) {drain, rPois}
   (You took it off a naga on level 4 of the Lair of Beasts)

   A truly terrible weapon, it drains the life of those it strikes.
   It protects you from poison.
Armour
 e - a +4 ring mail
 o - a +0 pair of gloves of dexterity (worn)
 A - a +0 troll leather armour {Purgy}
 B - a +1 plate armour of magic resistance (worn)
 C - the +0 leather armour of the Ban {rElec rC- Regen+ Int+8}
   (You found it on level 7 of the Dungeon)

   It affects your intelligence (+8).
   It makes you vulnerable to cold.
   It insulates you from electricity.
   It increases your rate of regeneration.
 G - a +0 pair of boots (worn)
 N - a +1 chain mail of cold resistance
 R - the +1 helmet of Baldness (worn) {Str+5}
   (You found it on level 5 of the Lair of Beasts)

   It affects your strength (+5).
 S - a +0 cloak (worn)
 T - the +2 ring mail "Tivvubre" {rCorr}
   (You found it on level 10 of the Dungeon)

   It provides partial protection from all sources of acid and corrosion.
Magical Staves
 J - an uncursed staff of fire
Jewellery
 d - an uncursed ring of fire
 f - an uncursed ring of protection from fire
 l - a ring of wizardry (left hand)
 n - an amulet of faith (around neck)
 E - a ring of wizardry (right hand)
 F - a +2 ring of dexterity
 V - an uncursed ring of positive energy
Wands
 u - a wand of iceblast (32)
 x - a wand of paralysis (10)
 U - a wand of polymorph (9)
 X - a wand of enslavement (15)
 Z - a wand of disintegration (24)
Scrolls
 a - a scroll of identify
 m - 10 scrolls of remove curse
 t - 4 scrolls of fog
 v - 3 scrolls of holy word
 y - 3 scrolls of fear
 H - 7 scrolls of teleportation
 K - 4 scrolls of magic mapping
Potions
 b - 6 potions of curing
 g - a potion of might
 h - 3 potions of cancellation
 j - 3 potions of lignification
 k - 7 potions of mutation
 p - 2 potions of flight
 z - 6 potions of agility
 D - 2 potions of magic
 I - 2 potions of haste
 O - 2 potions of brilliance
 P - a potion of resistance
 Q - 3 potions of berserk rage
Miscellaneous
 M - a lamp of fire
Comestibles
 c - 26 rations


   Skills:
 - Level 12.0 Fighting
 + Level 14.6 Axes
 - Level 11.2 Armour
 - Level 1.5 Dodging
 - Level 1.5 Stealth
   Level 4.1 Shields
 - Level 4.0 Spellcasting
 - Level 6.0 Conjurations
 * Level 18.2 Fire Magic
 - Level 6.1 Invocations


You had 4 spell levels left.
You knew the following spells:

 Your Spells              Type           Power        Failure   Level  Hunger
a - Flame Tongue          Conj/Fire      #####        1%          1    None
b - Throw Flame           Conj/Fire      #####.       1%          2    ##.....
c - Conjure Flame         Conj/Fire      #####...     1%          3    ###....
d - Inner Flame           Hex/Fire       #####...     4%          3    ###....
e - Sticky Flame          Conj/Fire      #####...     4%          4    ####...
f - Fireball              Conj/Fire      #####.....   12%         5    ######.

Your spell library contained the following spells:

 Spells                   Type           Power        Failure   Level  Hunger
 Apportation              Tloc           #.....       50%         1    None
 Bolt of Fire             Conj/Fire      #####.....   50%         6    #######
 Bolt of Cold             Conj/Ice       ###.......   100%        6    #######
 Freezing Cloud           Conj/Ice/Air   ##........   100%        6    #######
 Mephitic Cloud           Conj/Pois/Air  ##......     58%         3    ###....
 Ring of Flames           Chrm/Fire      #####.....   100%        7    #######
 Summon Small Mammal      Summ           #...         50%         1    None
 Animate Dead             Necr           N/A          99%         4    ####...
 Pain                     Necr           #...         50%         1    None
 Animate Skeleton         Necr           N/A          50%         1    None
 Vampiric Draining        Necr           #.........   83%         3    ###....
 Ozocubu's Refrigeration  Ice            #.........   100%        6    #######
 Regeneration             Chrm/Necr      #.........   83%         3    ###....
 Stone Arrow              Conj/Erth      ###...       45%         3    ###....
 Spider Form              Tmut/Pois      #.........   83%         3    ###....
 Statue Form              Tmut/Erth      #........    100%        6    #######
 Ice Form                 Ice/Tmut       #.......     99%         4    ####...
 Confusing Touch          Hex            #.....       50%         1    None
 Passwall                 Tmut/Erth      #.......     63%         2    ##.....
 Ignite Poison            Fire/Tmut/Pois ####....     16%         3    ###....
 Metabolic Englaciation   Hex/Ice        #.........   100%        5    ######.
 Lee's Rapid Deconstruct  Erth           #.........   100%        5    ######.
 Sandblast                Erth           #.....       50%         1    None
 Simulacrum               Ice/Necr       #.........   100%        6    #######
 Petrify                  Tmut/Erth      #.......     99%         4    ####...
 Malign Gateway           Summ/Tloc      #.........   100%        7    #######
 Beastly Appendage        Tmut           #.....       50%         1    None
 Poisonous Vapours        Pois/Air       #.....       63%         2    ##.....
 Ignition                 Fire           ######....   88%         8    #######


Dungeon Overview and Level Annotations

Branches:
Dungeon (15/15)            Temple (0/1) D:7            Lair (6/6) D:8
 Shoals (0/4) Lair:4        Snake (1/4) Lair:4        Slime (0/5) Lair:6
    Orc (0/2) D:12         Vaults (0/5) D:13         Depths (1/5) D:15

Altars:
Cheibriados
Dithmenos
Fedhas
Gozag
Hepliaklqana
Kikubaaqudgha
Qazlal
Sif Muna
Trog
Vehumet
Xom
The Shining One

Shops:
D:10 :   D:13 =

Annotations:
Lair:3 exclusion: 2 oklob plants
Lair:6 exclusion: oklob plant
Snake:1 1 runed door, Sizasuom's ghost, adept MiFi


Message History

* * * LOW HITPOINT WARNING * * *
The shock serpent shoots out a bolt of lightning at you!
The bolt of electricity hits you!
* * * LOW HITPOINT WARNING * * *
The bolt of electricity hits the plant.
The shock serpent shoots out a bolt of lightning at you!
The bolt of electricity hits you!
* * * LOW HITPOINT WARNING * * *
The bolt of electricity hits the plant.
The naga sharpshooter spits poison at you.
The splash of poison hits you! You resist.
Blink to where?
Press: ? - help, Dir - move target cursor, p - shock serpent You are very lightly contaminated with residual magic.
As you read the scroll of blinking, it crumbles to dust.
The shock serpent barely misses Murdo.
Murdo barely misses the shock serpent.
The shock serpent barely misses Murdo.
The shock serpent shoots out a bolt of lightning at you!
The bolt of electricity hits Murdo.
The bolt of electricity hits you!
You die...

##...oo..##P......##.......
#.....#P###.......#..###P.
##..##.#####...............
#.....#####................
##.........................
#..........................
#..........................
##.........................
#........@................
##...#.#.##...........###..
#...#.#####.........#.# ##.
#...##....#...........####.
##).#............≈≈≈≈≈.....
#.......##.....≈≈≈≈≈≈≈.#..
#.......#.....≈o≈...≈≈≈...
##..#.........≈≈≈S.P.P≈≈≈#.
#...##...P....≈≈≈.[([.P≈≈P.


You could see a shock serpent and the friendly Murdo the orc knight.

Vanquished Creatures
  Rupert (Lair:3)
  Gastronok (Lair:3)
  A yaktaur captain (D:15)
  A naga warrior (Lair:4)
  A great orb of eyes (Lair:3)
  A catoblepas (Lair:6)
  2 centaur warriors (D:15)
  3 two-headed ogres
  3 anacondas (Snake:1)
  2 death yaks (Lair:6)
  2 naga sharpshooters (Lair:4)
  Sonja (D:11)
  2 skeletal warriors (D:13)
  An unseen horror (D:12)
  2 naga ritualists (Lair:4)
  3 mana vipers
  14 ugly things
  4 cyclopes
  A salamander (Lair:4)
  3 naga magi (Lair:4)
  15 black mambas
  2 elephants (Lair:5)
  A guardian serpent (Snake:1)
  4 merfolk sirens (Lair:4)
  2 centaur skeletons (D:12)
  A spiny frog (Lair:2)
  A torpor snail (Lair:1)
  2 rime drakes
  An efreet (D:15)
  A yaktaur (D:15)
  An ice devil (Lair:3)
  4 komodo dragons
  A queen bee (D:8)
  3 trolls
  Prince Ribbit (D:6)
  Grinder (D:5)
  6 hippogriffs
  4 dream sheep (Lair:5)
  2 shadows
  2 tarantellas (shapeshifter)
  4 wraiths
  22 yaks
  2 wyverns (Lair:6)
  5 basilisks
  A steam dragon (D:7)
  2 hungry ghosts
  Menkaure (D:5)
  6 nagas (Lair:4)
  10 water moccasins
  5 porcupines
  4 orc warriors
  3 ice beasts
  2 black bears
  Purgy (Sewer)
  An eye of draining (D:9)
  3 sky beasts
  4 ogres
  8 wolves
  8 centaurs
  11 crocodiles
  9 big kobolds
  8 bullfrogs
  A wyvern zombie (D:9)
  15 scorpions
  28 killer bees
  6 electric eels
  2 howler monkeys
  A crimson imp (D:8)
  3 hounds
  A quasit (D:10)
  A bullfrog zombie (D:7)
  4 human zombies (Ossuary)
  5 jellies
  5 iguanas
  9 orc priests
  9 orc wizards
  A bullfrog skeleton (D:6)
  A centaur zombie (D:8)
  Terence (D:2)
  9 worker ants
  A big kobold zombie (Ossuary)
  A hound zombie (D:10)
  A hound skeleton (D:8)
  3 mummies (Ossuary)
  Robin (D:2)
  2 howler monkey zombies
  5 gnolls
  A river rat (D:4)
  2 scorpion zombies (Ossuary)
  2 shadow imps
  8 adders
  2 oozes (D:4)
  An adder zombie (D:9)
  An adder skeleton (D:8)
  5 worms
  3 dart slugs (D:4)
  4 leopard geckos
  25 orcs
  2 ball pythons
  7 giant cockroaches
  2 gnoll zombies (Ossuary)
  17 goblins
  7 hobgoblins
  2 jackals (D:5)
  23 kobolds
  11 quokkas
  A ball python zombie (D:5)
  6 bats
  3 frilled lizards
  A goblin zombie (Ossuary)
  A hobgoblin zombie (Ossuary)
  2 kobold zombies (Ossuary)
  2 orc zombies (Ossuary)
  A quokka skeleton (D:4)
  12 rats
  A fungus (Lair:4)
  7 plants (Lair:3)
502 creatures vanquished.

Vanquished Creatures (collateral kills)
  Frances (D:13)
  Snorg (D:11)
  Josephine (D:11)
  Erolcha (D:12)
  2 hydras
  Erica (Lair:1)
  2 catoblepae (Lair:6)
  A centaur warrior (D:15)
  6 death yaks
  A two-headed ogre (D:12)
  A deep troll shaman (D:15)
  A deep troll earth mage (D:15)
  A naga sharpshooter (Lair:4)
  A skeletal warrior (D:13)
  A lindwurm (Lair:3)
  A naga ritualist (Lair:4)
  A wizard (D:14)
  A wolf spider zombie (D:15)
  2 deep elf magi
  A cyclops (D:13)
  3 ugly things
  2 manticores (Lair:6)
  An elephant (Lair:5)
  2 centaur skeletons
  A black mamba (Lair:2)
  10 spiny frogs
  4 torpor snails
  2 komodo dragons
  An ice devil (Lair:3)
  3 trolls
  A polar bear (Lair:6)
  3 hornets
  10 dream sheep
  A hippogriff (Lair:2)
  A wyvern (D:11)
  19 yaks
  A human (shapeshifter) (D:14)
  A water elemental (D:12)
  2 wraiths (D:11)
  A basilisk (D:14)
  3 hungry ghosts
  A naga (Lair:4)
  4 water moccasins
  3 porcupines
  An ice beast (D:12)
  An orc warrior (D:12)
  4 ogres
  8 wolves
  A centaur (D:10)
  7 crocodiles
  2 big kobolds
  2 wyvern zombies
  4 bullfrogs
  3 gnoll sergeants (D:12)
  A scorpion (Lair:3)
  4 killer bees
  A crimson imp (D:12)
  A hound (D:14)
  A jelly (D:10)
  A bullfrog skeleton (D:13)
  3 orc wizards
  2 worker ants
  A gnoll (D:12)
  An adder (D:12)
  A leopard gecko (D:11)
  3 orcs
  3 jackals (D:10)
  7 kobolds
  7 plants
178 creatures vanquished.

Vanquished Creatures (others)
  3 orc knights
  A shadow wraith (D:13)
  4 orc warriors
  4 orc wizards
  A scorpion (Ossuary)
  3 orc priests
  27 orcs
  A kobold zombie (Ossuary)
  A fungus (Lair:6)
  8 plants
53 creatures vanquished.

Grand Total: 733 creatures vanquished

Notes
Turn   | Place    | Note
-------+----------+-------------------------------------------
     0 | D:1      | Htamos the Hill Orc Fire Elementalist began the quest for the Orb.
     0 | D:1      | Reached XP level 1. HP: 14/14 MP: 3/3
   201 | D:1      | Reached XP level 2. HP: 11/20 MP: 1/4
   852 | D:1      | Reached skill level 1 in Armour
   852 | D:1      | Reached XP level 3. HP: 20/27 MP: 0/5
  1739 | D:2      | Noticed Terence
  1922 | D:2      | Killed Terence
  1922 | D:2      | Reached skill level 1 in Fighting
  1922 | D:2      | Reached skill level 4 in Fire Magic
  1922 | D:2      | Reached XP level 4. HP: 30/35 MP: 0/7
  2173 | D:2      | Found a deep blue altar of Sif Muna.
  2357 | D:2      | Found a blossoming altar of Fedhas.
  2443 | D:2      | Found a faded altar of an unknown god.
  2590 | D:3      | Noticed Robin
  3010 | D:2      | Killed Robin
  3012 | D:2      | Got a dazzling helmet
  3018 | D:2      | Identified the +1 helmet of Hedonism {Int+2} (You took it off Robin on level 2 of the Dungeon)
  3378 | D:3      | Reached XP level 5. HP: 40/40 MP: 5/8
  3515 | D:3      | Found a glowing golden altar of the Shining One.
  4443 | D:4      | Reached XP level 6. HP: 39/48 MP: 2/9
  4551 | D:4      | Reached skill level 5 in Fire Magic
  4600 | D:4      | Found a glowing drain.
  4604 | Sewer    | Entered a sewer
  4807 | Sewer    | Noticed Purgy
  4817 | Sewer    | Killed Purgy
  5280 | D:5      | Entered Level 5 of the Dungeon
  5393 | D:5      | Reached XP level 7. HP: 52/56 MP: 4/11
  5661 | D:5      | Noticed Menkaure
  5666 | D:5      | Killed Menkaure
  5940 | D:5      | Reached skill level 6 in Fire Magic
  6005 | D:5      | Found a stormy altar of Qazlal.
  6195 | D:5      | Noticed Grinder
  6219 | D:5      | Paralysed by Grinder for 3 turns
  6222 | D:5      | Killed Grinder
  6222 | D:5      | Reached XP level 8. HP: 42/66 MP: 0/12
  6614 | D:6      | Noticed Prince Ribbit
  6756 | D:6      | Killed Prince Ribbit
  6756 | D:6      | Reached skill level 7 in Fire Magic
  7105 | D:6      | Found a shadowy altar of Dithmenos.
  7108 | D:6      | Found a radiant altar of Vehumet.
  7111 | D:6      | Found an opulent altar of Gozag.
  7114 | D:6      | Found a shimmering altar of Xom.
  7269 | D:6      | Became a worshipper of Beogh the Brigand
  8041 | D:7      | Got a fine leather armour
  8052 | D:7      | Identified the cursed +0 leather armour of the Ban {rElec rC- Regen+ Int+8} (You found it on level 7 of the Dungeon)
  8052 | D:7      | Found a sand-covered staircase.
  8059 | Ossuary  | Entered an ossuary
  8409 | Ossuary  | Reached skill level 1 in Axes
  8458 | Ossuary  | Reached XP level 9. HP: 73/73 MP: 5/14
  8527 | Ossuary  | Reached * piety under Beogh
  8527 | Ossuary  | Reached skill level 5 in Fighting
  8688 | Ossuary  | Learned a level 2 spell: Throw Flame
  8692 | Ossuary  | Learned a level 3 spell: Conjure Flame
  8696 | Ossuary  | Learned a level 3 spell: Inner Flame
  8701 | Ossuary  | Learned a level 4 spell: Sticky Flame
  8727 | Ossuary  | Reached skill level 8 in Fire Magic
  9229 | D:7      | Reached skill level 5 in Armour
  9242 | D:7      | Reached ** piety under Beogh
  9245 | D:7      | Reached skill level 5 in Conjurations
  9793 | D:7      | Found a staircase to the Ecumenical Temple.
  9810 | D:7      | Reached skill level 9 in Fire Magic
 11343 | D:8      | Reached XP level 10. HP: 83/83 MP: 13/16
 12058 | D:8      | Found an ancient bone altar of Kikubaaqudgha.
 12077 | D:8      | Got a shimmering ring mail
 12078 | D:8      | Identified the +1 ring mail "Agyko" {rN+ Int+4} (You found it on level 8 of the Dungeon)
 12172 | D:7      | Reached *** piety under Beogh
 12226 | D:8      | Found a staircase to the Lair.
 12917 | D:8      | Reached skill level 5 in Axes
 13089 | D:8      | Found a staircase to the Lair.
 13277 | D:8      | Found an ancient bone altar of Kikubaaqudgha.
 13837 | D:9      | Reached skill level 10 in Fire Magic
 14349 | D:9      | Found a stormy altar of Qazlal.
 14521 | D:9      | Noticed a two-headed ogre
 14530 | D:9      | Killed a two-headed ogre
 14881 | D:9      | Reached **** piety under Beogh
 15212 | D:9      | Noticed a moth of wrath
 15215 | D:9      | Found a bloodstained altar of Trog.
 15546 | D:10     | Entered Level 10 of the Dungeon
 15756 | D:9      | Reached skill level 11 in Fire Magic
 15756 | D:9      | Reached XP level 11. HP: 45/94 MP: 1/17
 16859 | D:10     | Found Niguwih's Book Emporium.
 16928 | D:10     | Got a transparent ring mail
 16930 | D:10     | Identified the +2 ring mail "Tivvubre" {rCorr} (You found it on level 10 of the Dungeon)
 17273 | D:10     | Reached ***** piety under Beogh
 17480 | D:11     | Noticed Snorg
 17486 | D:11     | Killed Snorg
 17612 | D:11     | Noticed Sonja
 17616 | D:11     | Killed Sonja
 18174 | D:11     | Gained Milork as an ally
 18218 | D:11     | Reached skill level 12 in Fire Magic
 18721 | Lair:1   | Entered Level 1 of the Lair of Beasts
 18952 | Lair:1   | Learned a level 5 spell: Fireball
 19119 | D:11     | Noticed Josephine
 19705 | Lair:1   | Noticed Erica
 19709 | Lair:1   | Killed Erica
 19709 | Lair:1   | Reached skill level 1 in Shields
 19858 | Lair:1   | Reached XP level 12. HP: 33/104 MP: 6/18
 21396 | Lair:2   | Noticed a death yak
 21396 | Lair:2   | Noticed a death yak
 21416 | Lair:1   | Killed a death yak
 21710 | Lair:2   | Killed a death yak
 22624 | Lair:3   | Reached skill level 13 in Fire Magic
 22625 | Lair:3   | Paralysed by a hornet for 3 turns
 23654 | Lair:3   | Noticed Gastronok
 23667 | Lair:3   | Killed Gastronok
 23667 | Lair:3   | Reached skill level 10 in Fighting
 24675 | Lair:3   | Noticed Rupert
 24689 | Lair:3   | Your ally Milork died
 24690 | Lair:3   | HP: 5/106 [poisoned by a black mamba]
 24709 | Lair:3   | Killed Rupert
 24709 | Lair:3   | Reached skill level 10 in Axes
 24716 | Lair:3   | Reached ****** piety under Beogh
 25386 | Lair:3   | Noticed a seven-headed hydra
 25387 | Lair:3   | Noticed a great orb of eyes
 25387 | Lair:3   | a seven-headed hydra changed into a great orb of eyes
 25390 | Lair:3   | Paralysed by a great orb of eyes for 2 turns
 25401 | Lair:3   | Killed a great orb of eyes
 25401 | Lair:3   | Reached XP level 13. HP: 87/114 MP: 19/19
 25787 | Lair:4   | Found a staircase to the Shoals.
 25799 | Lair:4   | Reached skill level 14 in Fire Magic
 25810 | Lair:4   | Reached skill level 10 in Armour
 26613 | Lair:4   | Reached skill level 1 in Invocations
 26872 | Lair:4   | Found a staircase to the Snake Pit.
 27662 | Lair:5   | Got a twisted helmet
 27791 | Lair:5   | Gained Orbeogh as an ally
 27837 | Lair:5   | Identified the +1 helmet of Baldness {Str+5} (You found it on level 5 of the Lair of Beasts)
 28271 | Lair:6   | Entered Level 6 of the Lair of Beasts
 28586 | Lair:6   | Identified a scroll of acquirement
 28749 | Lair:6   | Found a staircase to the Slime Pits.
 30045 | Lair:6   | Reached skill level 15 in Fire Magic
 30351 | Lair:6   | Got a transparent crystal amulet
 30761 | Lair:6   | Found a snail-covered altar of Cheibriados.
 31621 | D:11     | Reached XP level 14. HP: 124/125 MP: 20/20
 31665 | D:11     | Killed Josephine
 31665 | D:11     | Reached skill level 5 in Invocations
 32291 | D:12     | Found a portal to a secret trove of treasure.
 32294 | D:12     | Found a hazy altar of Hepliaklqana.
 32450 | D:12     | Noticed Erolcha
 32462 | D:12     | Killed Erolcha
 32844 | D:12     | Found a staircase to the Orcish Mines.
 32882 | D:12     | Gained Borgoth as an ally
 33873 | D:12     | Identified the Almanac of Dislocation and Transmigration
 34269 | D:13     | Gained Murdo as an ally
 35047 | D:13     | Found a gate to the Vaults.
 35115 | D:13     | Found Gommaaga's Jewellery Shoppe.
 35262 | D:13     | Reached skill level 16 in Fire Magic
 35371 | D:13     | Noticed Frances
 35379 | D:13     | Killed Frances
 36518 | D:12     | You paid a toll of 6 scrolls of blinking to enter a treasure trove
 36519 | Trove    | Entered a treasure trove
 36529 | Trove    | Got a steaming iron amulet
 36554 | Trove    | Identified the amulet "Qor Uteb" {Acrobat rPois rF+ Dex+4 Slay-3} (You found it on level 6 of the Lair of Beasts)
 36556 | Trove    | Identified the amulet of Vanity {Gourm +Blink Str+5 Slay-4 Stlth+} (You found it in a treasure trove)
 37298 | D:15     | Entered Level 15 of the Dungeon
 38375 | D:15     | Found a staircase to the Depths.
 38392 | D:15     | Your ally Orbeogh died
 38406 | Depths:1 | Entered Level 1 of the Depths
 38411 | D:15     | Reached skill level 17 in Fire Magic
 38411 | D:15     | Reached XP level 15. HP: 26/132 MP: 17/21
 38411 | D:15     | Your ally Borgoth died
 40389 | Snake:1  | Entered Level 1 of the Snake Pit
 40913 | Lair:4   | Got a pitted broad axe {drain}
 40915 | Lair:4   | Identified the +7 broad axe of Upheaval {drain, rPois} (You took it off a naga on level 4 of the Lair of Beasts)
 42517 | Snake:1  | Reached skill level 18 in Fire Magic
 42931 | Snake:1  | Found a runed door.
 42931 | Snake:1  | Noticed Sizasuom's ghost (adept MiFi)
 43794 | Lair:4   | HP: 5/132 [shock serpent/bolt of electricity (22)]
 43797 | Lair:4   | Killed from afar by a shock serpent

Vault maps used:
D:1:      dpeg_arrival_rooms_c, minmay_misc_feat_encased, item_on_display_a
D:2:      led_sif_pool, chequers_ecumenical_altar_grove, first_ration,
          palyth_stone_intersect, fedhas_altar_2, uniq_terence
D:3:      nicolae_overflow_hidden_temple, chequers_big_river,
          minmay_misc_feat_secret_circle, skrybe_limestone_x, uniq_robin
D:4:      gup_sewer_entry_bowl
D:5:      nrook_pool_corridor, nicolae_qazlal_general_emergency, uniq_menkaure,
          uniq_grinder
D:6:      grunt_temple_overflow_cloverleaf, minmay_checkerbox,
          uniq_prince_ribbit1
D:7:      lemuel_ice_spiral_2, minmay_temple_entry_overgrown,
          nicolae_ossuary_entry_ruins
D:8:      kiku_gazebo_garden_becter, lair_entry_dummy, david_nohive_1
D:9:      basic_altar, tgw_trog
D:10:     serial_shops, kennysheep_little_box, kennysheep_generic_room_14
D:11:     uniq_josephine, uniq_snorg, uniq_sonja
D:12:     kennysheep_orc_monster_closet_entryway,
          nicolae_trove_entry_free_sample, basic_altar, uniq_erolcha
D:13:     david_vaults_4, serial_shops, shop, uniq_frances
D:14:     minmay_misc_feat_columns
D:15:     grunt_enter_depths_snipers, minmay_misc_feat_square
Lair:1:   hangedman_lair_unloving_vines, beast_lair_carwin_11, uniq_erica
Lair:2:   lemuel_fruit_fields
Lair:3:   cheibrodos_lair_overgrown_chateau, portal_ice_cave_demonic_guard,
          beast_lair_carwin_6, minmay_lair_oklob_chamber, grunt_megastairs_3,
          uniq_gastronok, uniq_rupert
Lair:4:   elwin_shoals_entry_stream, guppyfry_snake_entry_island,
          enter_volcano_4, fungi_pond_lemuel
Lair:6:   evilmike_catoblepas_cave, slime_dummy, kennysheep_snail_temple
Snake:1:  nrook_guardian_serpent_snake_passage, gammafunk_ghost_grave
Depths:1: grunt_decor_resistance, abyss_entry, hell_entry, hangedman_aviary,
          uniq_mara
Trove:    trove_simple
Sewer:    kennysheep_door_sewer
Ossuary:  ossuary_minmay_scorpions

Skill      XL: |  1  2  3  4  5  6  7  8  9 10 11 12 13 14 15 |
---------------+----------------------------------------------+-----
Armour         | 1 2 3 4 5 7 8 9 10 11 | 11.2
Spellcasting   | 2 3 4 |  4.0
Fighting       | 1 2 3 4 6 7 9 10 11 12 | 12.0
Fire Magic     | 4 5 6 7 9 11 12 13 15 17 18 | 18.2
Conjurations   | 2 3 4 5 6 |  6.0
Axes           | 1 4 6 8 10 11 13 14 | 14.6
Shields        | 2 4 |  4.1
Invocations    | 4 6 |  6.1
Dodging        | |  1.5
Stealth        | |  1.5

Action                   |  1- 3 |  4- 6 |  7- 9 | 10-12 | 13-15 || total
-------------------------+-------+-------+-------+-------+-------++-------
Melee: Unarmed           |    23 |       |       |       |       ||    23
       Club              |    21 |       |       |       |       ||    21
       Short sword       |       |    19 |     3 |       |       ||    22
       War axe           |       |       |   116 |   158 |       ||   274
       Long sword        |       |       |     5 |       |       ||     5
       Battleaxe         |       |       |       |    11 |   442 ||   453
       Broad axe         |       |       |       |       |   141 ||   141
 Cast: Flame Tongue      |    56 |   143 |   317 |   542 |   172 ||  1230
       Throw Flame       |       |       |     1 |    65 |    29 ||    95
       Fireball          |       |       |       |     3 |       ||     3
       Sticky Flame      |       |       |       |     1 |     4 ||     5
Invok: Convert to Beogh  |       |       |     1 |       |       ||     1
       Recall Orcish Fol |       |       |       |     5 |     4 ||     9
       Stop Recall       |       |       |       |     4 |     4 ||     8
       Smiting           |       |       |       |       |    26 ||    26
Evoke: Wand              |       |       |       |    20 |       ||    20
       Lamp of fire      |       |       |       |       |     1 ||     1
  Use: Scroll            |       |     4 |     8 |    22 |    18 ||    52
       Potion            |       |     1 |     1 |     8 |    15 ||    25
 Stab: Sleeping          |     1 |       |     1 |       |       ||     2
       Invisible         |       |       |       |     6 |       ||     6
       Distracted        |       |       |       |     2 |     6 ||     8
       Paralysed         |       |       |       |     5 |       ||     5
  Eat: Chunk             |     4 |     8 |     9 |    25 |    28 ||    74
       Ration            |       |     1 |     3 |     7 |    11 ||    22
Armor: Robe              |     9 |    26 |       |       |       ||    35
       Troll leather arm |       |     1 |    16 |       |       ||    17
       Ring mail         |       |       |    91 |   110 |    59 ||   260
       Leather armour    |       |       |     3 |       |       ||     3
       Chain mail        |       |       |    36 |    56 |     6 ||    98
       Steam dragon scal |       |       |     5 |   110 |       ||   115
       Plate armour      |       |       |       |       |   570 ||   570
       Skin              |       |       |       |       |    15 ||    15
Dodge: Dodged            |    55 |    60 |   171 |   491 |   283 ||  1060
Block: Buckler           |       |       |       |    43 |       ||    43

Table legend:
 A = Spawn XP
 B = Non-spawn XP
 C = Spawn XP percentage of total XP
 D = Spawn monster count
 E = Non-spawn monster count
 F = Spawn count percentage of total count
 G = Total turns spent on level
                    A         B        C        D         E        F      G
               +---------+---------+-------+---------+---------+-------+---------
         Total |       0 |  110289 |   0.0 |       0 |     667 |   0.0 | 43797
               +---------+---------+-------+---------+---------+-------+---------
           D:1 |       0 |      49 |   0.0 |       0 |      23 |   0.0 |  1817
           D:2 |       0 |      82 |   0.0 |       0 |      18 |   0.0 |  1250
           D:3 |       0 |     119 |   0.0 |       0 |      21 |   0.0 |  1147
           D:4 |       0 |     204 |   0.0 |       0 |      19 |   0.0 |   792
           D:5 |       0 |     655 |   0.0 |       0 |      16 |   0.0 |  1291
           D:6 |       0 |     572 |   0.0 |       0 |      10 |   0.0 |  1329
           D:7 |       0 |    1607 |   0.0 |       0 |      39 |   0.0 |  2168
           D:8 |       0 |    1799 |   0.0 |       0 |      32 |   0.0 |  2758
           D:9 |       0 |    3166 |   0.0 |       0 |      38 |   0.0 |  2863
          D:10 |       0 |    2014 |   0.0 |       0 |      39 |   0.0 |  1374
          D:11 |       0 |    5211 |   0.0 |       0 |      39 |   0.0 |  2036
          D:12 |       0 |    8566 |   0.0 |       0 |      56 |   0.0 |  2126
          D:13 |       0 |    9721 |   0.0 |       0 |      35 |   0.0 |  2385
          D:14 |       0 |    6552 |   0.0 |       0 |      20 |   0.0 |  1580
          D:15 |       0 |   12326 |   0.0 |       0 |      26 |   0.0 |  1950
        Lair:1 |       0 |    4739 |   0.0 |       0 |      20 |   0.0 |  2161
        Lair:2 |       0 |    2744 |   0.0 |       0 |      14 |   0.0 |  1481
        Lair:3 |       0 |   10134 |   0.0 |       0 |      38 |   0.0 |  3267
        Lair:4 |       0 |   15870 |   0.0 |       0 |      49 |   0.0 |  4238
        Lair:5 |       0 |    4431 |   0.0 |       0 |      24 |   0.0 |   900
        Lair:6 |       0 |   13606 |   0.0 |       0 |      50 |   0.0 |  2765
       Snake:1 |       0 |    5115 |   0.0 |       0 |       8 |   0.0 |   845
         Sewer |       0 |     138 |   0.0 |       0 |       6 |   0.0 |   274
       Ossuary |       0 |     869 |   0.0 |       0 |      27 |   0.0 |   888
               +---------+---------+-------+---------+---------+-------+---------
